 Dungeon Sprint DCSS version 0.26-a0-665-gefeb406119 (webtiles) character file.

Game seed: 11600067294802072536

113011586 olmar the Axe Maniac (level 22, 220/304 HPs)
             Began as a Deep Dwarf Fighter on Oct 13, 2020.
             Was an Initiate of Gozag.
             Escaped with the Orb
             ... and 17 runes!
             The game lasted 00:43:38 (16150 turns).

olmar the Axe Maniac (Deep Dwarf Fighter)          Turns: 16150, Time: 00:43:38

Health: 220/304    AC: 61    Str: 33    XL:     22   Next: 69%
Magic:  1/1 (10)   EV: 26    Int:  6    God:    Gozag
Gold:   5347       SH: 28    Dex: 13    Spells: 75/75 levels left

rFire    + + .     SeeInvis +   C - +8 broad axe "Xutupri" {speed, +Rage MR+ MP-9 Str+2}
rCold    + + .     Faith    .   o - +0 tower shield of Monamm {+Inv rCorr Str+4 Int-4}
rNeg     + + .     Spirit   .   B - +9 crystal plate armour
rPois    +         Reflect  .   x - +2 helmet of New Discoveries {rElec SInv}
rElec    +         Harm     .   y - +2 ratskin cloak {*Rats rPois rN+ Str-1 Int-1 Dex+1}
rCorr    +         Rampage  .   s - +3 pair of gauntlets of War {Slay+5}
MR       ++++.     NoTele   +   u - +5 pair of boots of the Loofah {+Inv Slay+2}
Stlth    +.........             E - amulet "Guary" {RegenMP rElec rPois rF+ Stlth+}
HPRegen  0.00/turn              z - ring of protection from fire
MPRegen  0.32/turn              b - ring "Dooluqi" {rC++ EV+4 Stlth-}

@: non-regenerating
A: damage resistance, heal wounds, negative energy resistance 1, sense
surroundings 3, robust 2, electricity resistance, no regeneration
0: Orb of Zot
}: 17/17 runes: decaying, serpentine, barnacled, slimy, elven, silver, golden,
iron, obsidian, icy, bone, abyssal, glowing, magical, fiery, dark, gossamer
a: Heal Wounds, Potion Petition, Call Merchant, Bribe Branch, Renounce Religion,
Evoke Berserk Rage, Evoke Invisibility


You escaped.
You worshipped Gozag.
Gozag was greatly pleased with you.
You visited 1 branch You collected 56089 gold pieces.
You spent 7314 gold pieces at shops.
You paid 43428 gold pieces to Gozag.

Inventory:

Hand Weapons
 k - the +7 broad axe "Wafir" {elec, *Contam *Slow rN+ Dex+9}
   (You bought it in a shop in the Dungeon)

   Occasionally, upon striking a foe, it will discharge some electrical energy
   and cause terrible harm.
   It affects your dexterity (+9).
   It protects you from negative energy.
   It causes magical contamination when unequipped.
   It may slow you when you take damage.
 C - the +8 broad axe "Xutupri" (weapon) {speed, +Rage MR+ MP-9 Str+2}
   (You bought it in a shop in the Dungeon)

   Attacks with this weapon are significantly faster.
   It affects your strength (+2).
   It affects your resistance to hostile enchantments.
   It affects your magic capacity (-9).
   It lets you go berserk.
Armour
 o - the +0 tower shield of Monamm (worn) {+Inv rCorr Str+4 Int-4}
   (You bought it in a shop in the Dungeon)

   It affects your strength (+4).
   It affects your intelligence (-4).
   It lets you turn invisible.
   It provides partial protection from all sources of acid and corrosion.
 s - the +3 pair of gauntlets of War (worn) {Slay+5}
   (You bought it in a shop in the Dungeon)

   It affects your accuracy and damage with ranged weapons and melee attacks
   (+5).
 u - the +5 pair of boots of the Loofah (worn) {+Inv Slay+2}
   (You bought it in a shop in the Dungeon)

   It affects your accuracy and damage with ranged weapons and melee attacks
   (+2).
   It lets you turn invisible.
 x - the +2 helmet of New Discoveries (worn) {rElec SInv}
   (You bought it in a shop in the Dungeon)

   It insulates you from electricity.
   It lets you see invisible.
 y - the +2 ratskin cloak (worn) {*Rats rPois rN+ Str-1 Int-1 Dex+1}
   (You bought it in a shop in the Dungeon)

   It affects your strength (-1).
   It affects your intelligence (-1).
   It affects your dexterity (+1).
   It protects you from poison.
   It protects you from negative energy.
 B - a +9 crystal plate armour (worn)
 F - the +3 tower shield "Walluasch" {rElec Int-2 Dex+4 Slay+3}
   (You found it in the Dungeon)

   It affects your intelligence (-2).
   It affects your dexterity (+4).
   It affects your accuracy and damage with ranged weapons and melee attacks
   (+3).
   It insulates you from electricity.
Jewellery
 b - the ring "Dooluqi" (right hand) {rC++ EV+4 Stlth-}
   (You bought it in a shop in the Dungeon)

   [ring of evasion]

   It affects your evasion (+4).
   It greatly protects you from cold.
   It makes you less stealthy.
 c - the amulet "Tuwyurpho" {rN++ MR- Regen+ Int+10}
   (You found it in the Dungeon)

   [amulet of regeneration]

   It affects your intelligence (+10).
   It greatly protects you from negative energy.
   It affects your resistance to hostile enchantments.
   It increases your rate of regeneration.
 e - the ring "Mevafa" {*Slow rElec rF+ rCorr}
   (You found it in the Dungeon)

   [ring of resist corrosion]

   It protects you from fire.
   It insulates you from electricity.
   It provides partial protection from all sources of acid and corrosion.
   It may slow you when you take damage.
 t - the ring "Athraps" {Ice *Drain MR++ Str+2 Int+2}
   (You found it in the Dungeon)

   [ring of ice]

   It enhances your ice magic.
   It affects your strength (+2).
   It affects your intelligence (+2).
   It makes you vulnerable to fire.
   It protects you from cold.
   It affects your resistance to hostile enchantments.
   It causes draining when unequipped.
 z - a ring of protection from fire (left hand)
 D - the amulet "Piefrola" {RegenMP rN+ SInv}
   (You found it in the Dungeon)

   [amulet of magic regeneration]

   It increases your magic regeneration.
   It protects you from negative energy.
   It lets you see invisible.
 E - the amulet "Guary" (around neck) {RegenMP rElec rPois rF+ Stlth+}
   (You found it in the Dungeon)

   [amulet of magic regeneration]

   It increases your magic regeneration.
   It protects you from fire.
   It insulates you from electricity.
   It protects you from poison.
   It makes you more stealthy.
Scrolls
 j - 3 scrolls of blinking
 l - 7 scrolls of remove curse
 p - 4 scrolls of enchant weapon
 v - 3 scrolls of fog
 w - a scroll of magic mapping
 I - a scroll of fear
Potions
 a - a potion of lignification {unknown}
 d - 2 potions of brilliance
 f - a potion of degeneration
 g - 4 potions of haste
 h - 10 potions of magic
 i - 3 potions of berserk rage
 m - 2 potions of flight
 n - a potion of stabbing
 q - a potion of cancellation {unknown}
 G - 2 potions of mutation
Miscellaneous
 r - a box of beasts (3/3)
 A - a condenser vane (2/2)
 H - the horn of Geryon


   Skills:
 O Level 27 Fighting
 O Level 27 Axes
   Level 13.1 Staves
 O Level 27 Throwing
 O Level 27 Armour
 O Level 27 Dodging
 O Level 27 Stealth
 O Level 27 Shields
 O Level 27 Unarmed Combat
 O Level 27 Spellcasting
 O Level 27 Evocations


You had 75 spell levels left.
You didn't know any spells.
Your spell library contained the following spells:

 Spells                   Type           Power        Failure   Level
 Poisonous Vapours        Pois/Air       #.....       22%         2
 Conjure Flame            Conj/Fire      #.......     38%         3
 Mephitic Cloud           Conj/Pois/Air  #.......     38%         3
 Freezing Cloud           Conj/Ice/Air   #.........   100%        6


Dungeon Overview and Level Annotations

Branches:
Dungeon (1/1)

Altars:
Cheibriados
Dithmenos
Elyvilon
Fedhas
Gozag
Hepliaklqana
Kikubaaqudgha
Makhleb
Nemelex Xobeh
Okawaru
Qazlal
Ru
Sif Muna
Trog
Uskayaw
Vehumet
Wu Jian
Xom
Yredelemnul
Zin
The Shining One
Beogh
Jiyva
Lugonu

Shops:
D [([[[[}(*::((=!*(((*!([}


Innate Abilities, Weirdness & Mutations

You are resistant to damage.
You can heal yourself by infusing magical energy.
You resist negative energy. (rN+)
You passively map a large area around you.
You do not regenerate.
You are very robust. (+20% HP)
You are resistant to electric shocks. (rElec)


Message History

There is a burning altar of Makhleb here.
There is a corrupted altar of Lugonu here.
There is an ancient bone altar of Kikubaaqudgha here.
There is a hazy altar of Hepliaklqana here.
You feel much better.
There is an opulent altar of Gozag here.
There is a blossoming altar of Fedhas here.
There is a white marble altar of Elyvilon here.
There is a shadowy altar of Dithmenos here.
There is a snail-covered altar of Cheibriados here.
There is a roughly hewn altar of Beogh here.
There is an open door to the Temple here.
You are no longer poisoned.
There is an open door here.
Things that are here:
3 stones; a +0 whip
There is an open door to the Dungeon here.
There is a staircase leading out of the dungeon here.
You see here a stone.
You have escaped!

▓▓▓▓▓▓▓▓▓▓▓▓▓▓▓▓▓▓
'.....'....('...@▓
▓▓▓▓▓▓▓▓▓▓▓▓▓▓▓▓▓▓
.................▓
▓▓▓▓▓▓▓▓▓▓▓▓▓▓▓▓.▓
.[:(.....'..$....▓
▓▓▓▓▓▓▓▓▓▓▓▓▓▓▓▓▓▓
..........[[..[.[▓
▓▓▓▓▓▓▓▓▓▓▓▓▓▓▓▓[▓
[([)[...........[▓


There were no monsters in sight!

Vanquished Creatures
  Cerebov (D)
  Antaeus (D)
  Asmodeus (D)
  Gloorx Vloq (D)
  Ereshkigal (D)
  A seraph (D)
  Mnoleg (D)
  Dispater (D)
  2 ancient liches (D)
  2 orbs of fire (D)
  4 greater mummies (D)
  Sojobo (D)
  Boris (twice) (D)
  2 pandemonium lords (D)
  2 Killer Klowns (D)
  Frederick (D)
  A curse toe (D)
  Geryon (D)
  3 golden dragons (D)
  Jory (D)
  Nikola (D)
  2 Tzitzimimeh (D)
  3 electric golems (D)
  A tentacled monstrosity (D)
  2 Ice Fiends (D)
  2 liches (D)
  35 Orb Guardians (D)
  2 titans (D)
  2 deep elf blademasters (D)
  2 quicksilver dragons (D)
  2 deep elf master archers (D)
  8 acid blobs (D)
  2 sphinxes (D)
  2 death cobs (D)
  Donald (D)
  2 tengu reavers (D)
  6 shadow dragons (D)
  A storm dragon (D)
  2 draconian monks (D)
  Ilsuiw (D)
  2 azure jellies (D)
  A frost giant (D)
  8 nagarajas (D)
  2 deep elf sorcerers (D)
  2 balrugs (D)
  2 draconian knights (D)
  An orc warlord (D)
  3 ghost moths (D)
  A draconian scorcher (D)
  A draconian shifter (D)
  3 emperor scorpions (D)
  4 vault wardens (D)
  Louise (D)
  A war gargoyle (D)
  2 angels (D)
  A reaper (D)
  3 draconian stormcallers (D)
  3 ironheart preservers (D)
  4 stone giants (D)
  2 very ugly things (D)
  Azrael (D)
  4 green draconians (D)
  2 entropy weavers (D)
  2 deep elf demonologists (D)
  8 vampire knights (D)
  3 black draconians (D)
  5 white draconians (D)
  A lorocyproca (D)
  A deep elf annihilator (D)
  A purple draconian (D)
  A red draconian (D)
  5 yellow draconians (D)
  2 spark wasps (D)
  3 deep elf death magi (D)
  3 green deaths (D)
  2 ettins (D)
  3 merfolk impalers (D)
  A merfolk javelineer (D)
  Josephine (D)
  3 death oozes (D)
  A blizzard demon (D)
  3 yaktaur captains (D)
  4 fire dragons (D)
  2 deep elf high priests (D)
  A mummy priest (D)
  3 naga warriors (D)
  A rakshasa (D)
  4 great orbs of eyes (D)
  4 ice dragons (D)
  A spriggan air mage (D)
  2 boulder beetles (D)
  7 hydras (D)
  25 vault guards (D)
  A hell beast (D)
  2 merfolk avatars (D)
  3 merfolk aquamancers (D)
  A two-headed ogre (D)
  An anaconda (D)
  A centaur warrior (D)
  A tengu warrior (D)
  5 ogre magi (D)
  2 deep troll shamans (D)
  Nergalle (D)
  2 deep elf knights (D)
  2 shock serpents (D)
  2 sixfirhies (D)
  2 sun demons (D)
  A hell knight (D)
  A shadow wraith (D)
  A wretched star (D)
  A spriggan druid (D)
  A sea snake (D)
  A cherub (D)
  5 deep trolls (D)
  A naga ritualist (D)
  A glowing orange brain (D)
  A flayed ghost (D)
  2 swamp dragons (D)
  7 orc knights (D)
  A wizard (D)
  2 necromancers (D)
  2 ironbrand convokers (D)
  An orb spider (D)
  A deep elf mage (D)
  A faun (shapeshifter) (D)
  4 wolf spiders (D)
  2 ugly things (D)
  2 manticores (D)
  11 moths of wrath (D)
  2 merfolk sirens (D)
  A guardian serpent (shapeshifter) (D)
  3 vault sentinels (D)
  4 black mambas (D)
  4 naga magi (D)
  A rust devil (D)
  An orange demon (D)
  3 cane toads (D)
  A rime drake (D)
  2 hellions (D)
  2 yaktaurs (D)
  A tormentor (D)
  2 freezing wraiths (D)
  An ice devil (D)
  2 ancient zymes (D)
  2 komodo dragons (D)
  4 demonic crawlers (D)
  12 guardian mummies (D)
  3 red devils (D)
  A wandering mushroom (D)
  2 trolls (D)
  A hornet (D)
  3 polar bears (D)
  7 merfolk (D)
  A snapping turtle (D)
  2 tyrant leeches (D)
  A blink frog (D)
  2 slime creatures (D)
  4 redbacks (D)
  A wyvern (D)
  4 wraiths (D)
  2 ynoxinuls (D)
  11 spriggans (D)
  A vampire (D)
  A tarantella (D)
  Eustachio (D)
  3 yaks (D)
  3 large abominations (D)
  4 fire elementals (D)
  A basilisk (D)
  A neqoxec (D)
  2 acid dragons (D)
  2 hell hounds (D)
  2 floating eyes (D)
  A water moccasin (D)
  10 orc warriors (D)
  6 black bears (D)
  2 eyes of draining (D)
  A sky beast (D)
  4 swamp drakes (D)
  A black bear (shapeshifter) (D)
  2 wolves (D)
  An ogre (D)
  A big kobold (D)
  2 bullfrogs (D)
  2 small abominations (D)
  A wight (D)
  An iron imp (D)
  6 orc priests (D)
  2 hounds (D)
  A jelly (D)
  2 orc wizards (D)
  3 worker ants (D)
  A white imp (D)
  An ufetubus (D)
  An ooze (D)
  An adder zombie (D)
  6 ball lightnings (D)
  4 orcs (D)
  3 bat zombies (D)
  2 giant cockroaches (D)
  A goblin (D)
  A hobgoblin (D)
  A kobold (D)
  A bat simulacrum (D)
  A jackal skeleton (D)
  2 quokka zombies (D)
  A rat (D)
  A lurking horror (D)
533 creatures vanquished.

Vanquished Creatures (collateral kills)
  the Royal Jelly (D)
  3 greater mummies (D)
  A Killer Klown (D)
  Xtahua (D)
  An electric golem (D)
  2 pandemonium lords (D)
  An Orb Guardian (D)
  5 acid blobs (D)
  10 sphinxes (D)
  A shadow dragon (D)
  2 azure jellies (D)
  A draconian knight (D)
  A very ugly thing (D)
  A spark wasp (D)
  6 death oozes (D)
  5 mummy priests (D)
  A yaktaur captain (D)
  A hydra (D)
  A flayed ghost (D)
  3 guardian mummies (D)
  A ball lightning (D)
49 creatures vanquished.

Vanquished Creatures (others)
  Lom Lobon (D)
  2 golden dragons (D)
  A troll (D)
  A swamp drake (D)
  4 ball lightnings (D)
9 creatures vanquished.

Grand Total: 591 creatures vanquished

Notes
Turn   | Place    | Note
-------+----------+-------------------------------------------
     0 | D        | olmar the Deep Dwarf Fighter began the quest for the Orb.
     0 | D        | Reached XP level 1. HP: 20/20 MP: 1/1
    15 | D        | Reached XP level 2. HP: 28/28 MP: 2/2
    31 | D        | Reached skill level 5 in Armour
    31 | D        | Reached skill level 5 in Shields
    31 | D        | Reached XP level 3. HP: 37/37 MP: 3/3
    48 | D        | Found a roughly hewn altar of Beogh.
    48 | D        | Found a snail-covered altar of Cheibriados.
    48 | D        | Found a shadowy altar of Dithmenos.
    48 | D        | Found a white marble altar of Elyvilon.
    48 | D        | Found a blossoming altar of Fedhas.
    48 | D        | Found an opulent altar of Gozag.
    49 | D        | Found a hazy altar of Hepliaklqana.
    50 | D        | Found a viscous altar of Jiyva.
    51 | D        | Found an ancient bone altar of Kikubaaqudgha.
    52 | D        | Found a corrupted altar of Lugonu.
    53 | D        | Found a burning altar of Makhleb.
    54 | D        | Found a sparkling altar of Nemelex Xobeh.
    55 | D        | Found an iron altar of Okawaru.
    56 | D        | Became a worshipper of Gozag Ym Sagoz the Greedy
    57 | D        | Found a stormy altar of Qazlal.
    58 | D        | Found a sacrificial altar of Ru.
    59 | D        | Found a shimmering blue altar of Sif Muna.
    60 | D        | Found a bloodstained altar of Trog.
    61 | D        | Found a hide-covered altar of Uskayaw.
    62 | D        | Found a radiant altar of Vehumet.
    63 | D        | Found an ornate altar of the Wu Jian Council.
    64 | D        | Found a shimmering altar of Xom.
    65 | D        | Found a basalt altar of Yredelemnul.
    66 | D        | Found a glowing silver altar of Zin.
    67 | D        | Found a glowing golden altar of the Shining One.
   115 | D        | Noticed a vampire
   115 | D        | Noticed a big kobold
   115 | D        | Noticed a sky beast
   119 | D        | Killed a sky beast
   119 | D        | Reached skill level 5 in Fighting
   119 | D        | Reached XP level 4. HP: 46/46 MP: 4/4
   119 | D        | Reached XP level 5. HP: 52/52 MP: 5/5
   147 | D        | Killed a vampire
   147 | D        | Reached XP level 6. HP: 26/63 MP: 6/6
   267 | D        | Reached skill level 10 in Axes
   276 | D        | Reached XP level 7. HP: 57/72 MP: 7/7
   392 | D        | Noticed a yak
   392 | D        | Noticed a wyvern
   392 | D        | Noticed a black mamba
   392 | D        | Noticed a yak
   394 | D        | Noticed a yak
   399 | D        | Killed a yak
   399 | D        | Reached skill level 1 in Evocations
   402 | D        | Killed a black mamba
   402 | D        | Reached XP level 8. HP: 51/81 MP: 8/8
   408 | D        | Noticed a cane toad
   426 | D        | Reached skill level 10 in Shields
   448 | D        | Killed a cane toad
   448 | D        | Gained mutation: You passively map the area around you.
                  | [Deep Dwarf growth]
   448 | D        | Reached XP level 9. HP: 37/90 MP: 8/8
   562 | D        | Noticed a cane toad
   562 | D        | Noticed a boulder beetle
   562 | D        | Noticed a komodo dragon
   562 | D        | Noticed a polar bear
   562 | D        | Noticed a rime drake
   566 | D        | Killed a rime drake
   571 | D        | Killed a polar bear
   571 | D        | Reached skill level 15 in Axes
   571 | D        | Reached skill level 10 in Armour
   571 | D        | Noticed a komodo dragon
   572 | D        | Killed a komodo dragon
   575 | D        | Killed a boulder beetle
   585 | D        | Killed a cane toad
   587 | D        | Reached XP level 10. HP: 67/102 MP: 8/8
   600 | D        | Reached skill level 10 in Fighting
   953 | D        | Noticed an orc knight
   953 | D        | Noticed an orc knight
   999 | D        | Killed an orc knight
  1006 | D        | Killed an orc knight
  1277 | D        | Noticed an orc knight
  1295 | D        | Killed an orc knight
  1463 | D        | Found Vaweucke's Book Boutique.
  1463 | D        | Noticed an ogre mage
  1463 | D        | Noticed a stone giant
  1463 | D        | Noticed a deep troll
  1463 | D        | Noticed an ogre mage
  1469 | D        | Reached XP level 11. HP: 44/111 MP: 8/8
  1475 | D        | Killed a stone giant
  1479 | D        | Noticed a deep troll
  1487 | D        | Killed an ogre mage
  1493 | D        | Killed a deep troll
  1499 | D        | Killed an ogre mage
  1503 | D        | Killed a deep troll
  1521 | D        | Found Japare Okle's Book Shop.
  1525 | D        | Found Toprix's General Store.
  1529 | D        | Found Egumiov's Antique Weapon Shop.
  1531 | D        | Noticed a deep troll
  1531 | D        | Noticed an ogre mage
  1532 | D        | Noticed an ettin
  1534 | D        | Noticed a deep troll
  1535 | D        | Noticed a deep troll
  1554 | D        | Killed a deep troll
  1559 | D        | Killed an ogre mage
  1564 | D        | Killed an ettin
  1568 | D        | Killed a deep troll
  1576 | D        | Killed a deep troll
  1588 | D        | Bought a scroll of summoning for 95 gold pieces
  1598 | D        | Bought an ebony broad axe for 261 gold pieces
  1598 | D        | Identified the +7 broad axe "Wafir" {elec, *Contam *Slow
                  | rN+ Dex+9} (You bought it in a shop in the Dungeon)
  1681 | D        | Noticed Josephine
  1691 | D        | Killed Josephine
  1694 | D        | Reached XP level 12. HP: 77/126 MP: 8/8
  1933 | D        | Got the +0 plate armour of Follow the Leader {Str+3}
  1961 | D        | Noticed a two-headed ogre
  1964 | D        | Bought the ring "Dooluqi" {rC++ EV+4 Stlth-} for 827 gold
                  | pieces
  1973 | D        | Killed a two-headed ogre
  1977 | D        | Noticed a great orb of eyes
  1990 | D        | Reached skill level 15 in Shields
  1995 | D        | Killed a great orb of eyes
  1995 | D        | Noticed a fire dragon
  1996 | D        | Noticed a tengu warrior
  1999 | D        | Noticed an ogre mage
  2011 | D        | Killed a fire dragon
  2011 | D        | Reached skill level 15 in Armour
  2012 | D        | Noticed a centaur warrior
  2019 | D        | Killed a tengu warrior
  2021 | D        | Killed an ogre mage
  2029 | D        | Killed a centaur warrior
  2066 | D        | Bought a box of beasts (3/3) for 300 gold pieces
  2068 | D        | Bought the +3 pair of gauntlets of War {Slay+5} for 712
                  | gold pieces
  2068 | D        | Found the +3 pair of gauntlets of War {Slay+5}
  2068 | D        | Bought the +5 pair of boots of the Loofah {+Inv Slay+2} for
                  | 778 gold pieces
  2068 | D        | Bought the +2 ratskin cloak {*Rats rPois rN+ Str-1 Int-1
                  | Dex+1} for 417 gold pieces
  2068 | D        | Found the +2 ratskin cloak {*Rats rPois rN+ Str-1 Int-1
                  | Dex+1}
  2122 | D        | Noticed Donald
  2132 | D        | Killed Donald
  2259 | D        | Reached skill level 15 in Fighting
  2373 | D        | Bought the +2 helmet of New Discoveries {rElec SInv} for
                  | 490 gold pieces
  2487 | D        | Noticed a spark wasp
  2492 | D        | Noticed an entropy weaver
  2500 | D        | Killed a spark wasp
  2500 | D        | Reached XP level 13. HP: 69/139 MP: 7/7
  2526 | D        | Killed an entropy weaver
  2755 | D        | Reached skill level 5 in Evocations
  2811 | D        | Noticed Eustachio
  2824 | D        | Killed Eustachio
  2893 | D        | Noticed a cyan very ugly thing
  2893 | D        | Noticed a frost giant
  2893 | D        | Noticed a stone giant
  2901 | D        | Killed a stone giant
  2909 | D        | Killed a frost giant
  2921 | D        | Killed a cyan very ugly thing
  2931 | D        | Noticed a stone giant
  2951 | D        | Killed a stone giant
  2952 | D        | Noticed a stone giant
  2962 | D        | Noticed an ettin
  2978 | D        | Killed a stone giant
  2991 | D        | Killed an ettin
  2991 | D        | Gained mutation: You resist negative energy. (rN+) [Deep
                  | Dwarf growth]
  2991 | D        | Reached XP level 14. HP: 96/153 MP: 8/8
  3044 | D        | Noticed an ironheart preserver
  3044 | D        | Noticed a vault warden
  3051 | D        | Killed a vault warden
  3065 | D        | Killed an ironheart preserver
  3070 | D        | Noticed an ironheart preserver
  3079 | D        | Noticed an entropy weaver
  3082 | D        | Noticed a vault warden
  3096 | D        | Killed an ironheart preserver
  3107 | D        | Killed an entropy weaver
  3122 | D        | Killed a vault warden
  3405 | D        | Noticed an ironheart preserver
  3413 | D        | Killed an ironheart preserver
  3464 | D        | Noticed Boris
  3482 | D        | Killed Boris
  3503 | D        | Noticed Louise
  3511 | D        | Killed Louise
  3528 | D        | Bought a condenser vane (2/2) for 240 gold pieces
  3635 | D        | Noticed Nikola
  3635 | D        | Noticed Frederick
  3648 | D        | Killed Nikola
  3661 | D        | Killed Frederick
  3696 | D        | Noticed Nergalle
  3706 | D        | Killed Nergalle
  3736 | D        | Noticed Ilsuiw
  3744 | D        | Reached XP level 15. HP: 138/169 MP: 9/9
  3759 | D        | Killed Ilsuiw
  3796 | D        | Got a barnacled rune of Zot
  3900 | D        | Noticed a ghost moth
  3907 | D        | Killed a ghost moth
  3937 | D        | Got a gossamer rune of Zot
  4427 | D        | Got a decaying rune of Zot
  4434 | D        | Noticed a nagaraja
  4434 | D        | Noticed a nagaraja
  4434 | D        | Noticed a nagaraja
  4434 | D        | Noticed a nagaraja
  4434 | D        | Noticed a nagaraja
  4435 | D        | Noticed a nagaraja
  4443 | D        | Killed a nagaraja
  4445 | D        | Killed a nagaraja
  4446 | D        | Killed a nagaraja
  4447 | D        | Killed a nagaraja
  4448 | D        | Killed a nagaraja
  4448 | D        | Reached skill level 10 in Evocations
  4449 | D        | Killed a nagaraja
  4459 | D        | Noticed a nagaraja
  4478 | D        | Killed a nagaraja
  4485 | D        | Noticed a nagaraja
  4523 | D        | Killed a nagaraja
  4559 | D        | Got a serpentine rune of Zot
  4627 | D        | Noticed a tengu reaver
  4628 | D        | Noticed Sojobo
  4629 | D        | Noticed a tengu reaver
  4640 | D        | Killed a tengu reaver
  4640 | D        | Reached XP level 16. HP: 137/184 MP: 10/10
  4650 | D        | Killed Sojobo
  4793 | D        | Reached skill level 27 in Axes
  4904 | D        | Reached skill level 15 in Evocations
  5194 | D        | Noticed a titan
  5215 | D        | Killed a titan
  5216 | D        | Noticed a shadow dragon
  5220 | D        | Noticed a shadow dragon
  5232 | D        | Killed a shadow dragon
  5242 | D        | Killed a shadow dragon
  5242 | D        | Reached skill level 27 in Shields
  5366 | D        | Noticed a shadow dragon
  5366 | D        | Noticed a shadow dragon
  5366 | D        | Noticed a quicksilver dragon
  5366 | D        | Noticed a shadow dragon
  5373 | D        | Noticed a shadow dragon
  5375 | D        | Killed a shadow dragon
  5377 | D        | Killed a quicksilver dragon
  5379 | D        | Noticed a titan
  5388 | D        | Killed a shadow dragon
  5395 | D        | Killed a shadow dragon
  5395 | D        | Reached XP level 17. HP: 75/200 MP: 11/11
  5416 | D        | Killed a titan
  5426 | D        | Got a silver rune of Zot
  5430 | D        | Got a buzzing cloak
  5436 | D        | Identified the +2 cloak of Jychuemm {Regen+ rCorr Str-3
                  | Dex+3} (You found it in the Dungeon)
  5468 | D        | Bought a +0 crystal plate armour for 1200 gold pieces
  5483 | D        | Bought an encrusted broad axe for 234 gold pieces
  5483 | D        | Identified the +8 broad axe "Xutupri" {speed, +Rage MR+
                  | MP-9 Str+2} (You bought it in a shop in the Dungeon)
  5681 | D        | Bought the cursed +0 tower shield of Monamm {+Inv rCorr
                  | Str+4 Int-4} for 443 gold pieces
  5708 | D        | Noticed Azrael
  5732 | D        | Killed Azrael
  5878 | D        | Noticed Jory
  5905 | D        | Killed Jory
  5953 | D        | Got the amulet "Tuwyurpho" {rN++ MR- Regen+ Int+10}
  5955 | D        | Got the ring "Mevafa" {*Slow rElec rF+ rCorr}
  5957 | D        | Got the ring "Athraps" {Ice *Drain MR++ Str+2 Int+2}
  5959 | D        | Got the amulet "Piefrola" {RegenMP rN+ SInv}
  5961 | D        | Got the amulet "Guary" {RegenMP rElec rPois rF+ Stlth+}
  5992 | D        | Got the +3 tower shield "Walluasch" {rElec Int-2 Dex+4
                  | Slay+3}
  6054 | D        | Noticed Xtahua
  6066 | D        | Killed Xtahua
  6576 | D        | Noticed a golden dragon
  6576 | D        | Noticed a golden dragon
  6584 | D        | Killed a golden dragon
  6600 | D        | Killed a golden dragon
  6772 | D        | Bought a potion of mutation for 120 gold pieces
  6775 | D        | Noticed a golden dragon
  6790 | D        | Reached skill level 27 in Fighting
  6800 | D        | Killed a golden dragon
  7025 | D        | Reached skill level 27 in Armour
  7025 | D        | Gained mutation: You passively map a large area around you.
                  | [Deep Dwarf growth]
  7025 | D        | Reached XP level 18. HP: 193/218 MP: 0/9
  7109 | D        | Noticed a curse toe
  7112 | D        | Reached skill level 27 in Evocations
  7127 | D        | Reached skill level 5 in Staves
  7143 | D        | Reached skill level 10 in Staves
  7150 | D        | Killed a curse toe
  7356 | D        | Noticed an Orb Guardian
  7356 | D        | Noticed an Orb Guardian
  7356 | D        | Noticed an Orb Guardian
  7356 | D        | Noticed an Orb Guardian
  7356 | D        | Noticed an Orb Guardian
  7356 | D        | Noticed an Orb Guardian
  7361 | D        | Killed an Orb Guardian
  7367 | D        | Killed an Orb Guardian
  7368 | D        | Killed an Orb Guardian
  7368 | D        | Reached skill level 10 in Dodging
  7371 | D        | Killed an Orb Guardian
  7372 | D        | Killed an Orb Guardian
  7374 | D        | Killed an Orb Guardian
  7475 | D        | Noticed an Orb Guardian
  7476 | D        | Noticed an Orb Guardian
  7487 | D        | Killed an Orb Guardian
  7487 | D        | Reached skill level 15 in Dodging
  7493 | D        | Killed an Orb Guardian
  7599 | D        | Noticed an Orb Guardian
  7600 | D        | Noticed an Orb Guardian
  7605 | D        | Killed an Orb Guardian
  7610 | D        | Killed an Orb Guardian
  7920 | D        | Noticed an Orb Guardian
  7920 | D        | Noticed an Orb Guardian
  7920 | D        | Noticed a golden dragon
  7921 | D        | Noticed an Orb Guardian
  7927 | D        | Noticed an Orb Guardian
  7928 | D        | Killed a golden dragon
  7931 | D        | Killed an Orb Guardian
  7932 | D        | Killed an Orb Guardian
  7935 | D        | Killed an Orb Guardian
  7949 | D        | Killed an Orb Guardian
  8069 | D        | Noticed an ancient lich
  8077 | D        | Killed an ancient lich
  8181 | D        | Noticed an orb of fire
  8289 | D        | Gained mutation: Scrolls take you a little longer to read.
                  | [an orb of fire]
  8304 | D        | Killed an orb of fire
  8409 | D        | Lost mutation: Scrolls take you a little longer to read.
                  | [potion of mutation]
  8409 | D        | Gained mutation: You are resistant to electric shocks.
                  | (rElec) [potion of mutation]
  8409 | D        | Gained mutation: You are robust. (+10% HP) [potion of
                  | mutation]
  8409 | D        | Gained mutation: You are very robust. (+20% HP) [potion of
                  | mutation]
  8514 | D        | Noticed an electric golem
  8528 | D        | Killed an electric golem
  8533 | D        | Noticed a Killer Klown
  8533 | D        | Noticed an electric golem
  8533 | D        | Noticed an Orb Guardian
  8533 | D        | Noticed a Killer Klown
  8540 | D        | Noticed a Killer Klown
  8542 | D        | Reached XP level 19. HP: 225/271 MP: 0/6
  8547 | D        | Killed a Killer Klown
  8547 | D        | Reached skill level 27 in Dodging
  8551 | D        | Killed a Killer Klown
  8558 | D        | Noticed an electric golem
  8559 | D        | Killed a Killer Klown
  8560 | D        | Noticed an orb of fire
  8576 | D        | Killed an orb of fire
  8593 | D        | Killed an electric golem
  8596 | D        | Killed an electric golem
  8616 | D        | Noticed an electric golem
  8617 | D        | Noticed a golden dragon
  8630 | D        | Killed a golden dragon
  8640 | D        | Killed an electric golem
  8679 | D        | Reached skill level 27 in Stealth
  8817 | D        | Reached skill level 10 in Spellcasting
  9143 | D        | Noticed an ancient lich
  9149 | D        | Noticed a lich
  9172 | D        | Killed an ancient lich
  9172 | D        | Reached skill level 15 in Spellcasting
  9174 | D        | Killed a lich
  9188 | D        | Reached XP level 20. HP: 227/283 MP: 16/27
  9609 | D        | Got an elven rune of Zot
  9845 | D        | Bought a potion of degeneration for 21 gold pieces
  9845 | D        | Bought a potion of heal wounds for 105 gold pieces
  9845 | D        | Bought a potion of stabbing for 84 gold pieces
  9845 | D        | Bought a potion of haste for 210 gold pieces
  9845 | D        | Bought a potion of curing for 63 gold pieces
  9845 | D        | Bought a potion of curing for 63 gold pieces
  9845 | D        | Bought a potion of curing for 63 gold pieces
  9845 | D        | Bought a potion of resistance for 210 gold pieces
  9995 | D        | Noticed the Royal Jelly
 10003 | D        | Killed the Royal Jelly
 10155 | D        | Got a slimy rune of Zot
 10377 | D        | Reached skill level 27 in Spellcasting
 10518 | D        | Reached skill level 5 in Throwing
 10764 | D        | Bought a potion of curing for 42 gold pieces
 10764 | D        | Bought a potion of flight for 42 gold pieces
 10764 | D        | Bought a potion of curing for 42 gold pieces
 10764 | D        | Bought a potion of haste for 140 gold pieces
 10764 | D        | Bought a potion of stabbing for 56 gold pieces
 10764 | D        | Bought a potion of might for 56 gold pieces
 10795 | D        | Reached skill level 10 in Throwing
 11062 | D        | Noticed a greater mummy
 11062 | D        | Noticed a greater mummy
 11062 | D        | Noticed a greater mummy
 11062 | D        | Noticed a greater mummy
 11062 | D        | Noticed a greater mummy
 11081 | D        | Noticed a greater mummy
 11091 | D        | Killed a greater mummy
 11112 | D        | Killed a greater mummy
 11115 | D        | Killed a greater mummy
 11115 | D        | Reached skill level 15 in Throwing
 11115 | D        | Reached XP level 21. HP: 62/292 MP: 20/29
 11117 | D        | Killed a greater mummy
 11121 | D        | Killed a greater mummy
 11121 | D        | Noticed a greater mummy
 11128 | D        | Killed a greater mummy
 11137 | D        | Killed a greater mummy
 11147 | D        | Got a golden rune of Zot
 11513 | D        | Got an abyssal rune of Zot
 11668 | D        | Noticed Geryon
 11687 | D        | Killed Geryon
 11793 | D        | Noticed Antaeus
 11793 | D        | Identified the +4 staff of Dispater
 11793 | D        | Noticed Dispater
 11804 | D        | Noticed Gloorx Vloq
 11911 | D        | Killed Dispater
 12280 | D        | Killed Gloorx Vloq
 12401 | D        | Killed Antaeus
 12510 | D        | Noticed Ereshkigal
 12537 | D        | Killed Ereshkigal
 12537 | D        | Reached skill level 27 in Throwing
 12653 | D        | Got an iron rune of Zot
 12657 | D        | Got an icy rune of Zot
 12659 | D        | Identified the +6 sword of Cerebov {flame}
 12659 | D        | Noticed Cerebov
 12661 | D        | Noticed Mnoleg
 12663 | D        | Noticed Lom Lobon
 13289 | D        | Killed Lom Lobon
 13289 | D        | Reached skill level 10 in Unarmed Combat
 13328 | D        | Killed Cerebov
 13328 | D        | Reached skill level 15 in Unarmed Combat
 13387 | D        | Paralysed by a floating eye for 4 turns
 13391 | D        | Identified the +7 sceptre of Asmodeus
 13391 | D        | Noticed Asmodeus
 13429 | D        | Killed Mnoleg
 13450 | D        | Killed Asmodeus
 13450 | D        | Reached XP level 22. HP: 211/304 MP: 3/12
 13747 | D        | Got a dark rune of Zot
 13751 | D        | Got a bone rune of Zot
 13755 | D        | Got a fiery rune of Zot
 13759 | D        | Got a glowing rune of Zot
 13763 | D        | Got a magical rune of Zot
 13767 | D        | Got an obsidian rune of Zot
 14180 | D        | Got the Orb of Zot
 14774 | D        | Noticed Umore the pandemonium lord
 14809 | D        | Killed Umore the pandemonium lord
 15062 | D        | Noticed Ownis the pandemonium lord
 15073 | D        | Killed Ownis the pandemonium lord
 15100 | D        | Noticed Goomua the pandemonium lord
 15157 | D        | Killed Goomua the pandemonium lord
 15231 | D        | Noticed a seraph
 15252 | D        | Killed a seraph
 15252 | D        | Reached skill level 27 in Unarmed Combat
 15330 | D        | Noticed Boris
 15357 | D        | Killed Boris
 16064 | D        | Noticed Teluph the pandemonium lord
 16099 | D        | Killed Teluph the pandemonium lord
 16150 | D        | Escaped with the Orb!

Illustrated notes

Levels and vault maps discovered:
D:        linesprint [early_d, line_temple, items_1, d_10, items_2, lair_1,
          lair_end, items_3, orc_1, orc_end, items_4, d_15, swamp_1, shoals_1,
          snake_1, spider_1, d_20, vaults_1, items_5, swamp_end, shoals_end,
          snake_end, spider_end, vaults_end, d_27, items_6, zot_1, zot_end,
          crypt_end, forest_end, elf_end, slime_end, tomb_end, abyss_end,
          pan_hell_end]

Skill      XL: |  1  2  3  4  5  6  7  8  9 10 11 12 13 14 15 16 17 18 19 20 21 22 |
---------------+-------------------------------------------------------------------+-----
Fighting       | 3 4 5 6 7 8 9 11 13 15 17 20 22 24 27 | 27.0
Armour         | 4 5 6 7 8 9 10 11 14 16 17 18 20 22 27 | 27.0
Shields        | 4 5 7 8 9 10 11 12 14 17 19 21 24 27 | 27.0
Axes           | 3 6 9 10 12 14 16 18 19 21 22 25 26 27 | 27.0
Evocations     | 1 2 3 4 5 6 11 17 25 27 | 27.0
Staves         | 13 | 13.1
Dodging        | 26 27 | 27.0
Stealth        | 27 | 27.0
Spellcasting   | 17 27 | 27.0
Throwing       | 15 27 | 27.0
Unarmed Combat | 19 27 | 27.0

Action                   |  1- 3 |  4- 6 |  7- 9 | 10-12 | 13-15 | 16-18 | 19-21 | 22-24 || total
-------------------------+-------+-------+-------+-------+-------+-------+-------+-------++-------
Melee: War axe           |    29 |       |       |       |       |       |       |       ||    29
       Broad axe         |     4 |    39 |    76 |   324 |   394 |   420 |   567 |   277 ||  2101
Invok: Call Merchant     |       |       |       |     7 |     2 |     7 |     4 |       ||    20
       Potion Petition   |       |       |       |       |       |       |     8 |       ||     8
 Abil: Heal Wounds       |       |     1 |     4 |    14 |     8 |    21 |   103 |    20 ||   171
Evoke: Wand              |       |     2 |     3 |     2 |     3 |       |       |       ||    10
       Box of beasts     |       |       |       |       |     9 |    15 |    49 |    12 ||    85
       Condenser vane    |       |       |       |       |    13 |    27 |    37 |     5 ||    82
       Horn of Geryon    |       |       |       |       |       |       |     4 |       ||     4
  Use: Potion            |       |     1 |       |     4 |    10 |    11 |    17 |       ||    43
       Scroll            |       |       |       |     1 |       |    14 |     4 |     3 ||    22
 Stab: Distracted        |       |       |     1 |     3 |     5 |     8 |    10 |     8 ||    35
       Sleeping          |       |       |       |     3 |       |       |       |       ||     3
       Invisible         |       |       |       |     1 |       |       |       |       ||     1
       Confused          |       |       |       |       |     9 |       |       |       ||     9
Armor: Scale mail        |    12 |       |       |       |       |       |       |       ||    12
       Chain mail        |     1 |    22 |    19 |    26 |       |       |       |       ||    68
       Plate armour      |       |       |       |    67 |   168 |    50 |       |       ||   285
       Crystal plate arm |       |       |       |       |       |    57 |    76 |    40 ||   173
       Skin              |       |       |       |       |       |       |    59 |       ||    59
Dodge: Dodged            |    12 |     9 |    18 |    37 |   109 |    67 |    99 |    53 ||   404
Block: Kite shield       |    16 |    25 |    32 |   174 |   239 |    54 |       |       ||   540
       Tower shield      |       |       |       |       |       |   175 |   308 |   155 ||   638

Table legend: (Time is in decaauts) A = Elapsed time spent in this place. B = Non-inter-level travel time spent in this place. C = Inter-level travel time spent in this place. D = Time resting spent in this place. E = Time spent auto-exploring this place. F = Levels seen in this place. G = Mean time per level. A B C D E F G +--------+--------+--------+--------+--------+-----+--------+ Total | 15347 | 13574 | 1773 | 7178 | 1717 | 1 | 15347.0 | Dungeon | 15347 | 13574 | 1773 | 7178 | 1717 | 1 | 15347.0 | +--------+--------+--------+--------+--------+-----+--------+

Top non-repeatable levels by time:
       D: 15347 daAuts
